 Dungeon Crawl Stone Soup version 0.16.1-2-g95b8d4c (console) character file.

53 gw the Digger (level 4, -3/32 HPs)
             Began as a Formicid Earth Elementalist on Mar 26, 2015.
             Slain by Robin
             ... wielding a +0 trident
              (7 damage)
             ... on level 2 of the Dungeon.
             The game lasted 00:01:52 (1671 turns).

gw the Digger (Formicid Earth Elementalist)         Turns: 1671, Time: 00:01:52

Health: -3/32      AC:  4    Str: 12    XL:     4   Next: 10%
Magic:  1/9        EV: 11    Int: 16    God:
Gold:   98         SH:  0    Dex: 11    Spells: 3 memorised, 2 levels left

rFire  . . .     SeeInvis +     b - +0 mace
rCold  . . .     Clarity  .     l - +0 leather armour
rNeg   . . .     SustAb   .     (no shield)
rPois  .         Gourm    .     (helmet unavailable)
rElec  .         Spirit   .     (no cloak)
rCorr  .         Warding  .     e - +0 pair of gloves
rMut   .         Stasis   +     (no boots)
MR     .....                    (no amulet)
Stlth  ++........               (no ring)
                                (no ring)

@: not resistant to hostile enchantments, unstealthy
A: permanent stasis, dig shafts and tunnels, four strong arms, antennae 3
a: Dig, Shaft Self


You were on level 2 of the Dungeon.
You were not hungry.

You visited 1 branch of the dungeon, and saw 2 of its levels.

You collected 98 gold pieces.

Inventory:

Hand weapons
 b - a +0 mace (weapon)
Missiles
 f - 17 stones (quivered)
 i - 34 poisoned needles
 k - 3 tomahawks
Armour
 e - a +0 pair of gloves (worn)
 l - a +0 leather armour (worn)
Scrolls
 g - 2 scrolls of identify
 j - a scroll of magic mapping {unknown}
 m - a scroll of teleportation {unknown}
 n - a scroll of remove curse {unknown}
Books
 d - a book of Geomancy

   Spells                             Type                      Level
   a - Sandblast                      Earth                        1
   b - Stoneskin                      Transmutation/Earth          2
   c - Passwall                       Transmutation/Earth          3
   d - Stone Arrow                    Conjuration/Earth            3
   e - Petrify                        Transmutation/Earth          4
   f - Lee's Rapid Deconstruction     Earth                        5
Comestibles
 a - a bread ration
 h - a slice of pizza


   Skills:
 + Level 1.0 Fighting
 + Level 1.3 Maces & Flails
 + Level 1.2 Armour
 - Level 1.7 Dodging
 - Level 2.4 Stealth
 * Level 2.9 Spellcasting
 - Level 1.1 Transmutations
 + Level 4.0 Earth Magic


You had 2 spell levels left.
You knew the following spells:

 Your Spells              Type           Power        Failure   Level  Hunger
a - Sandblast             Erth           ###...       6%          1    #......
b - Stoneskin             Trmt/Erth      ##......     14%         2    ##.....
c - Stone Arrow           Conj/Erth      #.....       34%         3    ###....


Dungeon Overview and Level Annotations

Branches:
Dungeon (2/15)

Altars:
Elyvilon

Annotations:
D:2 Robin, Terence


Innate Abilities, Weirdness & Mutations

You are under a permanent stasis effect.
You can dig through walls and to a lower floor.
Your four strong arms can wield two-handed weapons with a shield.
You have a pair of large antennae on your head (SInv).


Message History

The goblin hits you with a dagger.
Terence says, "You're history."
Robin hits you from afar with a trident.
The goblin hits you. The goblin hits you with a dagger.
Unknown command.
Unknown command.
Unknown command.
Unknown command.
ATTACK MOVE TO (-1,0)
You barely miss the goblin. The goblin hits you.
The goblin hits you but does no damage.
Unknown command.
Unknown command.
Unknown command.
Unknown command.
ATTACK MOVE TO (-1,0)
You hit the goblin.
The goblin is heavily wounded.
Robin hits you from afar with a trident!
You die... g

#.g.{ #.{g #...
#... #...#
#...######
#...@gag.#
#...g###.#
##.#.#{##.######
#...............
##.#.#.##.######
##...## # ##.##
###.### #.....#
#


You could see Terence, Robin and 2 goblins.

Table legend:
 A = Turns spent in this place as a percentage of turns spent in the entire game.
 B = Non-inter-level travel turns spent in this place as a percentage of non-inter-level travel turns spent in the entire game.
 C = Inter-level travel turns spent in this place as a percentage of turns spent in this place.
 D = Turns resting spent in this place as a percentage of non-inter-level travel turns spent in this place.
 E = Turns spent auto-exploring this place as a percentage of non-inter-level travel turns spent in this place.
 F = Non-inter-level travel turns spent in this place divided by the number of levels of this place that you've seen.
                   A       B       C       D       E      F
               +-------+-------+-------+-------+-------+----------------------
         Total | 100.0 | 100.0 |   0.3 |   2.4 |   2.6 | 1309.0
       Dungeon | 100.0 | 100.0 |   0.3 |   2.4 |   2.6 | 1309.0
               +-------+-------+-------+-------+-------+----------------------

Table legend:
 A = Kills in this place as a percentage of kills in entire the game.
 B = Kills by you in this place as a percentage of kills by you in the entire game.
 C = Kills by friends in this place as a percentage of kills by friends in the entire game.
 D = Other kills in this place as a percentage of other kills in the entire game.
 E = Experience gained in this place as a percentage of experience gained in the entire game.
 F = Experience gained in this place divided by the number of levels of this place that you have seen.
                   A       B       C       D       E      F
               +-------+-------+-------+-------+-------+----------------------
         Total | 100.0 | 100.0 |  -nan |  -nan | 100.0 |  38.0
       Dungeon | 100.0 | 100.0 |  -nan |  -nan | 100.0 |  38.0
               +-------+-------+-------+-------+-------+----------------------

Vanquished Creatures
  A giant mite (D:1)
  A worm (D:2)
  2 giant geckos
  2 giant cockroaches
  5 hobgoblins
  4 kobolds
  2 ball pythons
  3 bats (D:1)
  5 giant newts
  9 goblins
  5 rats
39 creatures vanquished.

Notes
Turn   | Place    | Note
--------------------------------------------------------------
     0 | D:1      | gw, the Formicid Earth Elementalist, began the quest for the Orb.
     0 | D:1      | Reached XP level 1. HP: 13/13 MP: 3/3
   293 | D:1      | Reached XP level 2. HP: 19/19 MP: 3/5
   319 | D:1      | Learned a level 2 spell: Stoneskin
   884 | D:1      | Reached skill level 1 in Maces & Flails
   884 | D:1      | Reached XP level 3. HP: 17/25 MP: 0/7
   987 | D:1      | Learned a level 3 spell: Stone Arrow
  1335 | D:2      | Found a white marble altar of Elyvilon.
  1597 | D:2      | Reached skill level 1 in Armour
  1597 | D:2      | Reached skill level 4 in Earth Magic
  1640 | D:2      | Noticed Robin
  1659 | D:2      | Noticed Terence
  1659 | D:2      | Reached XP level 4. HP: 18/31 MP: 0/9
  1660 | D:2      | Reached skill level 1 in Fighting
  1671 | D:2      | Slain by Robin

Action                   |  1- 3 |  4- 6 || total
-------------------------+-------+-------++-------
Melee: Club              |     7 |       ||     7
       Whip              |     9 |       ||     9
       Mace              |     9 |    11 ||    20
Throw: Stone             |    45 |       ||    45
       Tomahawk          |     4 |       ||     4
 Cast: Sandblast         |    53 |     1 ||    54
       Stoneskin         |     5 |       ||     5
  Use: Scroll            |     3 |       ||     3
  Eat: Chunk             |     3 |       ||     3
       Royal jelly       |     1 |       ||     1

Vault maps used:
D:1:      matt_arrival_los_fun, minmay_newt_pond
D:2:      elyvilon_altar_5, cheibriados_altar_1, uniq_robin, uniq_terence
